 Dungeon Crawl Stone Soup version 0.24-a0-67-ga78bd38 (webtiles) character file.

Game seed: 1258600332365522873

377 Dantiko the Cudgeler (level 6, 0/55 HPs)
             Began as a Troll Gladiator on Feb 5, 2019.
             Killed by divine providence
             ... invoked by an orc priest
              (12 damage)
             ... on level 4 of the Dungeon.
             The game lasted 00:08:56 (2919 turns).

Dantiko the Cudgeler (Troll Gladiator)              Turns: 2919, Time: 00:08:56

Health: 0/55       AC:  6    Str: 23    XL:     6   Next: 45%
Magic:  5/5        EV: 10    Int:  4    God:
Gold:   247        SH:  0    Dex: 13    Spells: 5/5 levels left

rFire    . . .     SeeInvis .   a - +0 flail
rCold    . . .     Gourm    +   (no shield)
rNeg     . . .     Faith    .   b - +0 robe
rPois    .         Spirit   .   c - +0 hat
rElec    .         Reflect  .   (no cloak)
rCorr    .         Harm     .   (gloves unavailable)
MR       .....                  (boots unavailable)
Stlth    +.........             (no amulet)
HPRegen  0.58/turn              (no ring)
MPRegen  0.09/turn              (no ring)

@: drained
A: large, unfitting armour, claws 3, fast metabolism 3, gourmand, regeneration
1, shaggy fur 1, tough skin 3
a: no special abilities


You were on level 4 of the Dungeon.
You were very full.

You visited 1 branch of the dungeon, and saw 4 of its levels.

You collected 247 gold pieces.

Inventory:

Hand Weapons
 a - a +0 flail (weapon)
Missiles
 d - 3 throwing nets
 h - 13 poisoned needles
 j - 99 stones
 u - a tomahawk (quivered)
Armour
 b - a +0 robe (worn)
 c - a +0 hat (worn)
Scrolls
 e - a scroll of amnesia {unknown}
 g - 3 scrolls of enchant armour {unknown}
 i - a scroll of fog {unknown}
 l - 3 scrolls of teleportation {unknown}
 m - a scroll of immolation {unknown}
 n - 6 scrolls of identify {unknown}
 q - 2 scrolls of remove curse {unknown}
 v - 2 scrolls of magic mapping {unknown}
Potions
 k - 3 potions of berserk rage {unknown}
 o - a potion of ambrosia {unknown}
 p - a potion of lignification {unknown}
 r - a potion of brilliance {unknown}
 s - a potion of curing {unknown}
 t - a potion of haste {unknown}
 w - a potion of invisibility {unknown}
 x - a potion of cancellation {unknown}
Comestibles
 f - 8 rations


   Skills:
 - Level 1.5(0.8) Fighting
 + Level 6.7(5.8) Maces & Flails
 - Level 1.7(1.0) Throwing
 - Level 2.4(1.6) Dodging


You had 5 spell levels left.
You didn't know any spells.
Your spell library was empty.

Dungeon Overview and Level Annotations

Branches:
Dungeon (4/15)
 Temple: D:4-7

Altars:
Dithmenos
Yredelemnul


Innate Abilities, Weirdness & Mutations

You are too large for most types of armour.
You have claws for hands.
Your metabolism is lightning-fast.
You like to eat raw meat.
Your natural rate of healing is unusually fast.
You are covered in fur. (AC +1)
You have extremely tough skin. (AC +3)


Message History

The orc wizard hits you with a +0 dagger.
* * * LOW HITPOINT WARNING * * *
You barely miss the orc wizard.
The orc wizard is heavily wounded.
The orc wizard closely misses you.
The orc priest miscasts a cantrip.
You barely miss the orc wizard.
The orc wizard is heavily wounded.
The orc wizard hits you but does no damage.
You hit the orc wizard.
The orc wizard is almost dead.
The orc wizard points at you and mumbles some strange words.
The puff of flame hits you.
* * * LOW HITPOINT WARNING * * *
You sock the orc wizard!
You kill the orc wizard!
The orc shouts!
The orc priest invokes the aid of Beogh against you.
Beogh smites you!
You die...

#..............##..
#)############.....
#o# ####.. #.#
####.. #รท# #.....
#g# ##### #.####
#o# #...####.#
#.#####..())...#
#.@.......######
###########


You could see an orc priest, a gnoll and an orc.

Vanquished Creatures
  Menkaure (D:4)
  An orc priest (D:4)
  An orc wizard (D:4)
  2 iguanas (D:4)
  Jessica (D:2)
  3 gnolls (D:4)
  3 adders
  A worm (D:2)
  A dart slug (D:2)
  4 orcs
  4 bats
  2 giant cockroaches (D:3)
  10 goblins
  8 hobgoblins
  A quokka (D:3)
  3 frilled lizards
  6 kobolds
  9 rats
61 creatures vanquished.

Notes
Turn   | Place    | Note
-------+----------+-------------------------------------------
     0 | D:1      | Dantiko the Troll Gladiator began the quest for the Orb.
     0 | D:1      | Reached XP level 1. HP: 19/19 MP: 0/0
   550 | D:1      | Reached skill level 3 in Maces & Flails
   643 | D:1      | Reached XP level 2. HP: 27/27 MP: 1/1
  1305 | D:2      | Found a shadowy altar of Dithmenos.
  1306 | D:2      | Found a basalt altar of Yredelemnul.
  1380 | D:2      | Reached XP level 3. HP: 31/33 MP: 2/2
  1515 | D:2      | Found a shadowy altar of Dithmenos.
  1554 | D:2      | Reached skill level 4 in Maces & Flails
  1715 | D:2      | Noticed Jessica
  1726 | D:2      | Killed Jessica
  1726 | D:2      | Reached XP level 4. HP: 33/41 MP: 3/3
  2658 | D:4      | Reached skill level 5 in Maces & Flails
  2670 | D:4      | Noticed Menkaure
  2672 | D:4      | Killed Menkaure
  2672 | D:4      | Reached skill level 6 in Maces & Flails
  2672 | D:4      | Reached XP level 5. HP: 35/48 MP: 4/4
  2681 | D:4      | Reached XP level 6. HP: 19/55 MP: 5/5
  2919 | D:4      | Killed from afar by an orc priest

Vault maps used:
D:1:      elethiomel_arrival_quiet, kennysheep_boxes
D:2:      minitemple, grunt_dithmenos_smoke_and_mirrors, uniq_jessica
D:3:      chequers_serial_rivers_large_a
D:4:      first_ration, elyvilon_altar_1, uniq_menkaure

Skill      XL: |  1  2  3  4 |
---------------+-------------+-----
Maces & Flails | 3 4 6 |  6.7
Fighting       | |  1.5
Throwing       | |  1.7
Dodging        | |  2.4

Action                   |  1- 3 |  4- 6 || total
-------------------------+-------+-------++-------
Melee: Flail             |    82 |   127 ||   209
Throw: Stone             |       |     8 ||     8
       Tomahawk          |       |     4 ||     4
 Stab: Sleeping          |     1 |       ||     1
  Eat: Chunk             |    21 |    11 ||    32
Armor: Robe              |    34 |    61 ||    95
Dodge: Dodged            |    44 |    90 ||   134

Table legend:
 A = Non-vault XP
 B = Vault XP
 C = Vault XP percentage of total XP
 D = Non-vault monster count
 E = Vault monster count
 F = Vault count percentage of total count
                 A         B        C        D         E       F
            +---------+---------+-------+---------+---------+-------
      Total |     333 |     206 |  38.2 |      59 |       2 |   3.3
            +---------+---------+-------+---------+---------+-------
        D:1 |      16 |       0 |   0.0 |      10 |       0 |   0.0
        D:2 |      46 |      37 |  44.6 |      17 |       1 |   5.6
        D:3 |      52 |       0 |   0.0 |      23 |       0 |   0.0
        D:4 |     219 |     169 |  43.6 |       9 |       1 |  10.0
            +---------+---------+-------+---------+---------+-------
